 Dungeon Crawl Stone Soup version 0.20-a0-945-g3bf614a (webtiles) character file.

11866 Alarkh the Geomancer (level 11, -6/83 HPs)
             Began as a Demonspawn Earth Elementalist on Apr 1, 2017.
             Was a High Priest of Okawaru.
             Shot with a bolt by a yaktaur (17 damage)
             ... on level 11 of the Dungeon.
             The game lasted 00:25:52 (12987 turns).

Alarkh the Geomancer (DsEE)                        Turns: 12987, Time: 00:25:53

Health: -6/83      AC: 19    Str: 10    XL:     11   Next: 54%
Magic:  12/23      EV: 14    Int: 19    God:    Okawaru [*****.]
Gold:   250        SH:  0    Dex: 13    Spells: 20/26 levels left

rFire    . . .     SeeInvis .   b - +1 dagger (venom)
rCold    . . .     Gourm    .   (no shield)
rNeg     . . .     Faith    .   y - +2 troll leather armour {Purgy}
rPois    .         Spirit   .   K - +0 helmet
rElec    .         Reflect  .   I - +1 cloak
rCorr    .         Harm     .   x - +2 pair of gloves
MR       +....                  R - +2 pair of boots
Stlth    +++.......             (no amulet)
Regen    0.7/turn               A - ring of stealth
MPRegen  0.2/turn               N - ring of protection from magic

@: no status effects
A: iridescent scales 2, powered by death 2, powered by pain 2
a: Heroism, Finesse, Renounce Religion


You were on level 11 of the Dungeon.
You worshipped Okawaru.
Okawaru was extremely pleased with you.
You were not hungry.

You visited 2 branches of the dungeon, and saw 12 of its levels.
You also visited: Sewer.

You collected 550 gold pieces.
You spent 300 gold pieces at shops.

Inventory:

Hand Weapons
 a - a +0 long sword
 b - a +1 dagger of venom (weapon)
 k - a +1 dagger
 J - the +2 mace of Lauz {freeze, *Noise MR+ Str+9 Int+4}
   (You found it on level 6 of the Dungeon)

   It has been specially enchanted to freeze those struck by it, causing extra
   injury to most foes and up to half again as much damage against particularly
   susceptible opponents.
   It can also slow down cold-blooded creatures.
   It affects your strength (+9).
   It affects your intelligence (+4).
   It affects your resistance to hostile enchantments.
   It may make noises in combat.
 M - a +0 quarterstaff
Missiles
 S - 120 stones (quivered)
Armour
 c - a +1 robe
 x - a +2 pair of gloves (worn)
 y - a +2 troll leather armour (worn) {Purgy}
 H - a +0 scale mail of fire resistance
 I - a +1 cloak (worn)
 K - a +0 helmet (worn)
 R - a +2 pair of boots (worn)
Magical Staves
 w - an uncursed staff of conjuration
Jewellery
 i - an uncursed ring of protection from cold
 A - a ring of stealth (left hand)
 D - an uncursed amulet of harm
 N - a ring of protection from magic (right hand)
Wands
 q - a wand of iceblast (13/15)
 u - a wand of iceblast (7/15)
 F - a wand of paralysis (17/24)
 G - a wand of paralysis (3/24)
Scrolls
 e - a scroll of identify
 j - 4 scrolls of remove curse
 n - a scroll of fear
 z - a scroll of amnesia
 L - a scroll of summoning {unknown}
 O - a scroll of teleportation
 V - a scroll of brand weapon {unknown}
Potions
 f - 2 potions of agility
 l - a potion of cancellation
 m - 3 potions of lignification {unknown}
 o - a potion of might
 p - 2 potions of ambrosia
 s - a potion of brilliance
 t - a potion of invisibility
 v - a potion of degeneration {unknown}
 B - 4 potions of curing
 E - 5 potions of flight {unknown}
 U - 2 potions of heal wounds {unknown}
Books
 g - a book of Geomancy

   Spells                             Type                      Level
   a - Sandblast                      Earth                        1
   b - Passwall                       Transmutation/Earth          2
   c - Stone Arrow                    Conjuration/Earth            3
   d - Petrify                        Transmutation/Earth          4
   e - Lee's Rapid Deconstruction     Earth                        5
 Q - a book of the Tempests

   Spells                             Type                      Level
   a - Static Discharge               Conjuration/Air              3
   b - Lightning Bolt                 Conjuration/Air              5
   c - Ignition                       Fire                         8
   d - Tornado                        Air                          9
   e - Shatter                        Earth                        9
 T - a book of Frost

   Spells                             Type                      Level
   a - Freeze                         Ice                          1
   b - Throw Frost                    Conjuration/Ice              2
   c - Ozocubu's Armour               Charms/Ice                   3
   d - Throw Icicle                   Conjuration/Ice              4
   e - Summon Ice Beast               Ice/Summoning                4
Comestibles
 d - 10 bread rations
 h - 6 royal jellies
 r - 5 meat rations
 C - 5 fruits
 P - 3 chunks of flesh


   Skills:
 - Level 6.7 Fighting
 + Level 6.1 Long Blades
 - Level 6.1 Dodging
 - Level 1.7 Stealth
 - Level 8.0 Spellcasting
 - Level 8.0 Conjurations
 - Level 0.8 Transmutations
 - Level 8.4 Earth Magic


You had 20 spell levels left.
You knew the following spells:

 Your Spells              Type           Power        Failure   Level  Hunger
a - Stone Arrow           Conj/Erth      #####.       1%          3    None
b - Passwall              Tmut/Erth      ####......   2%          2    None
e - Sandblast             Erth           #####.       1%          1    None


Dungeon Overview and Level Annotations

Branches:
Dungeon (11/15)            Temple (1/1) D:4
   Lair: D:8-11         Orc: D:9-12

Altars:
Ashenzari
Cheibriados
Dithmenos
Elyvilon
Fedhas
Gozag
Hepliaklqana
Kikubaaqudgha
Makhleb
Nemelex Xobeh
Okawaru
Qazlal
Ru
Sif Muna
Trog
Uskayaw
Vehumet
Wu Jian
Xom
Yredelemnul
Zin
The Shining One

Shops:
D:7 =   D:8 (   D:9 (

Annotations:
D:10 HUIXAX's ghost, journeyman GrFi


Innate Abilities, Weirdness & Mutations

You are mostly covered in iridescent scales. (AC +4)
You regenerate health from kills.
You sometimes gain power by taking damage.


Message History

The porcupine bites you!
* * * LOW HITPOINT WARNING * * *
The porcupine bites you.
* * * LOW HITPOINT WARNING * * *
Casting: Stone Arrow
Confirm with . or Enter, or press ? or * to list all spells.
Aiming: Stone Arrow
Press: ? - help, Shift-Dir - straight line, f/p - porcupine
Aim: a porcupine (lightly wounded)
The stone arrow misses the porcupine.
The porcupine bites you!
* * * LOW HITPOINT WARNING * * *
As you read the scroll of fear, it crumbles to dust.
You assume a fearsome visage.
The scorpion looks frightened!
The porcupine looks frightened!
The yaktaur looks frightened!
The yak looks frightened!
Cornered, the porcupine turns to fight!
The yaktaur seems to regain its courage.
The yaktaur wields an uncursed arbalest.
The yaktaur shoots a bolt.
The bolt hits you!
You die...

#$........
####.##....YP
####.....c# .
#))...<(.≈####P...
#†##(##.Y><.....P.
#Y##....#.#####PP.
#.##..###.#
#.##......#
#.r@.......
#####.##### .# ..


You could see a yaktaur, a yak (fleeing) and a porcupine.

Vanquished Creatures
  2 two-headed ogres (D:8)
  An unseen horror (D:10)
  Pikel (D:6)
  2 gargoyles
  3 yaktaurs
  Grinder (D:3)
  Prince Ribbit (D:5)
  Sigmund (D:2)
  15 yaks
  A hungry ghost (D:9)
  A water moccasin (D:8)
  Duvessa (D:6)
  Purgy (Sewer)
  2 ice beasts
  An orc warrior (D:9)
  A sky beast (D:11)
  4 phantoms
  A black bear (D:6)
  3 ogres
  The ghost of Doomer the Poker, an amateur MfGl (D:3)
  6 centaurs
  Blork the orc (D:5)
  3 big kobolds (D:8)
  A gnoll sergeant (D:6)
  7 bullfrogs
  2 wyvern skeletons (D:9)
  Dowan (D:6)
  2 scorpions
  16 killer bees
  2 howler monkeys
  5 crimson imps
  2 jellies (D:9)
  3 quasits
  Crazy Yiuf (D:6)
  8 orc priests
  A bullfrog skeleton (D:10)
  A bullfrog zombie (D:9)
  6 hounds
  5 orc wizards
  8 iguanas
  11 worker ants
  A hound zombie (D:8)
  2 hound skeletons
  A worker ant zombie (D:9)
  10 gnolls
  10 adders
  4 shadow imps
  2 oozes
  An adder zombie (D:9)
  7 dart slugs
  7 leopard geckos
  22 orcs
  2 ball pythons
  6 giant cockroaches
  7 hobgoblins
  A jackal (D:3)
  24 kobolds
  2 quokkas
  2 bats
  2 frilled lizards
  11 goblins
  A quokka skeleton (D:5)
  7 rats
268 creatures vanquished.

Vanquished Creatures (others)
  2 slaves (D:6)
  A water moccasin (D:6)
  A jelly (D:6)
  A leopard gecko (D:6)
5 creatures vanquished.

Grand Total: 273 creatures vanquished

Notes
Turn   | Place    | Note
-------+----------+-------------------------------------------
     0 | D:1      | Alarkh the Demonspawn Earth Elementalist began the quest for the Orb.
     0 | D:1      | Reached XP level 1. HP: 13/13 MP: 3/3
   249 | D:1      | Gained mutation: You sometimes gain a little power by taking damage. [demonic ancestry]
   249 | D:1      | Reached XP level 2. HP: 19/19 MP: 3/5
   529 | D:1      | Learned a level 2 spell: Passwall
  1249 | D:2      | Reached XP level 3. HP: 24/24 MP: 5/7
  1254 | D:2      | Learned a level 3 spell: Stone Arrow
  1825 | D:2      | Noticed Sigmund
  1844 | D:2      | Killed Sigmund
  1844 | D:2      | Reached XP level 4. HP: 21/30 MP: 7/9
  1844 | D:2      | Gained mutation: You regenerate a little health from kills. [demonic ancestry]
  1844 | D:2      | Reached XP level 5. HP: 24/35 MP: 7/10
  2326 | D:3      | Noticed Doomer's ghost (amateur MfGl)
  2366 | D:3      | Noticed Grinder
  2759 | D:3      | Paralysed by Grinder for 2 turns
  2761 | D:3      | Killed Grinder
  2761 | D:3      | Gained mutation: You regenerate health from kills. [demonic ancestry]
  2761 | D:3      | Reached XP level 6. HP: 34/41 MP: 1/12
  3327 | D:3      | Reached skill level 5 in Earth Magic
  3327 | D:3      | Gained mutation: You are partially covered in iridescent scales. (AC +2) [demonic ancestry]
  3327 | D:3      | Reached XP level 7. HP: 25/46 MP: 7/13
  3665 | D:3      | Killed Doomer's ghost
  3859 | D:3      | Found a stormy altar of Qazlal.
  4021 | D:4      | Found a glowing golden altar of the Shining One.
  4031 | D:4      | Found a staircase to the Ecumenical Temple.
  4039 | Temple   | Entered the Ecumenical Temple
  4117 | Temple   | Became a worshipper of Warmaster Okawaru
  4338 | D:4      | Found a glowing drain.
  4351 | Sewer    | Entered a sewer
  4459 | Sewer    | Noticed Purgy
  4466 | Sewer    | Killed Purgy
  4752 | D:4      | Reached skill level 5 in Spellcasting
  4822 | D:4      | Found a sacrificial altar of Ru.
  5097 | D:5      | Entered Level 5 of the Dungeon
  5247 | D:5      | Reached * piety under Okawaru
  5362 | D:5      | Noticed Prince Ribbit
  5371 | D:5      | Killed Prince Ribbit
  5371 | D:5      | Reached skill level 5 in Conjurations
  5371 | D:5      | Gained mutation: You sometimes gain power by taking damage. [demonic ancestry]
  5371 | D:5      | Reached XP level 8. HP: 40/52 MP: 12/16
  5679 | D:5      | Noticed Blork the orc
  5691 | D:5      | Killed Blork the orc
  5911 | D:6      | Noticed Pikel
  5914 | D:6      | Paralysed by Pikel for 2 turns
  5917 | D:6      | Paralysed by Pikel for 4 turns
  5925 | D:6      | Paralysed by Pikel for 4 turns
  5932 | D:6      | Killed Pikel
  5932 | D:6      | Reached ** piety under Okawaru
  6033 | D:6      | Reached *** piety under Okawaru
  6312 | D:6      | Reached XP level 9. HP: 57/57 MP: 13/18
  6491 | D:6      | Found a snail-covered altar of Cheibriados.
  6492 | D:6      | Found a basalt altar of Yredelemnul.
  6523 | D:6      | Found a bloodstained altar of Trog.
  6615 | D:6      | Noticed Dowan
  6625 | D:6      | Killed Dowan
  6738 | D:6      | Found a runed door.
  6786 | D:6      | Noticed Duvessa
  6850 | D:6      | Found a sparkling altar of Nemelex Xobeh.
  6916 | D:6      | Killed Duvessa
  6996 | D:6      | Noticed Crazy Yiuf
  6998 | D:6      | Killed Crazy Yiuf
  7012 | D:6      | Got an iridescent mace
  7013 | D:6      | Identified the cursed +2 mace of Lauz {freeze, *Noise MR+ Str+9 Int+4} (You found it on level 6 of the Dungeon)
  7256 | D:7      | Found a deep blue altar of Sif Muna.
  7304 | D:7      | Found an ancient bone altar of Kikubaaqudgha.
  7525 | D:7      | Reached **** piety under Okawaru
  7829 | D:7      | Found Xaxas's Jewellery Shop.
  7844 | D:7      | Bought an uncursed ring of protection from magic for 300 gold pieces
  8246 | D:8      | Noticed a two-headed ogre
  8253 | D:8      | Killed a two-headed ogre
  8253 | D:8      | Reached ***** piety under Okawaru
  8434 | D:8      | Reached XP level 10. HP: 56/63 MP: 21/21
  8577 | D:8      | Found a hazy altar of Hepliaklqana.
  8651 | D:8      | Found Omymeb's Weapon Shop.
  8692 | D:8      | Found an opulent altar of Gozag.
  8693 | D:8      | Found a glowing silver altar of Zin.
  8830 | D:8      | Reached skill level 1 in Fighting
  8842 | D:8      | Noticed a two-headed ogre
  8848 | D:8      | Killed a two-headed ogre
  8848 | D:8      | Received a gift from Okawaru
  9821 | D:9      | Noticed a gargoyle
  9825 | D:9      | Killed a gargoyle
  9934 | D:9      | Reached skill level 5 in Fighting
  9934 | D:9      | Reached skill level 5 in Dodging
 10098 | D:9      | Received a gift from Okawaru
 10099 | D:9      | Gained mutation: You are mostly covered in iridescent scales. (AC +4) [demonic ancestry]
 10099 | D:9      | Reached XP level 11. HP: 45/81 MP: 5/23
 10524 | D:9      | Found Laekalic's Weapon Shop.
 11822 | D:10     | Entered Level 10 of the Dungeon
 11856 | D:10     | Noticed HUIXAX's ghost (journeyman GrFi)
 11874 | D:9      | Reached skill level 1 in Long Blades
 12498 | D:10     | Killed an unseen horror
 12911 | D:10     | Reached skill level 5 in Long Blades
 12987 | D:11     | Shot with a bolt by a yaktaur

Vault maps used:
D:1:      matt_arrival_los_fun, minmay_misc_feat_cross
D:2:      uniq_sigmund
D:3:      marbit_many_paths, uniq_grinder
D:4:      nicolae_ru_great_annihilating_truth, lemuel_crystal_altar,
          minmay_temple_entry_glass, portal_sewer_entry_d, first_bread,
          minmay_statues_item, lemuel_statue_altar
D:5:      uniq_prince_ribbit1, uniq_blork_the_orc
D:6:      nicolae_overflow_hidden_temple, uniq_pikel, uniq_crazy_yiuf_cottage,
          uniq_duvessa
D:7:      kennysheep_little_box, lemuel_doored_altar, serial_shops,
          nicolae_shop_window_shopping, minivault_25
D:8:      kennysheep_windowed_halls, grunt_temple_overflow_gold_and_silver,
          old_standard_altar, serial_shops, shop
D:9:      serial_shops, shop, grunt_ogre_cave
D:11:     grunt_lair_entry_orc_guard_hut, uniq_gastronok
Temple:   cyrus_temple_forest
Sewer:    kennysheep_door_sewer

Skill      XL: |  1  2  3  4  5  6  7  8  9 10 11 |
---------------+----------------------------------+-----
Earth Magic    | 3 4 5 6 7 8 |  8.4
Spellcasting   | 3 4 5 6 7 8 |  8.0
Conjurations   | 2 3 5 6 8 |  8.0
Dodging        | 5 6 |  6.1
Fighting       | 6 |  6.7
Long Blades    | 6 |  6.1
Stealth        | |  1.7
Transmutations | |  0.8

Action                   |  1- 3 |  4- 6 |  7- 9 | 10-12 || total
-------------------------+-------+-------+-------+-------++-------
Melee: Unarmed           |     1 |       |       |       ||     1
       Dagger            |    26 |    55 |   193 |   511 ||   785
       Long sword        |       |       |       |     8 ||     8
       Staff             |       |       |       |     2 ||     2
 Cast: Sandblast         |    38 |    47 |   155 |    88 ||   328
       Stone Arrow       |       |     2 |    19 |    72 ||    93
       Passwall          |       |       |     2 |       ||     2
Invok: Heroism           |       |       |     1 |     3 ||     4
Evoke: Wand              |       |       |       |     2 ||     2
  Use: Potion            |     1 |       |     1 |       ||     2
       Scroll            |       |     4 |    13 |     4 ||    21
 Stab: Sleeping          |     1 |       |     5 |     1 ||     7
       Distracted        |       |       |       |     1 ||     1
  Eat: Chunk             |     3 |     5 |    17 |    16 ||    41
Armor: Robe              |     4 |    25 |    11 |       ||    40
       Troll leather arm |       |       |   100 |   373 ||   473
Dodge: Dodged            |    35 |    48 |   168 |   503 ||   754
       Rpst.: Long sword |       |       |       |     5 ||     5
